 Dungeon Crawl Stone Soup version 0.27.1-33-g824d729ab1 (webtiles) character file.

Game seed: 8764728481076470132

10353 Nixze the Tainter (level 11, -5/82 HPs)
             Began as a Spriggan Venom Mage on Dec 9, 2021.
             Was a Priest of the Shining One.
             Slain by a dire elephant (16 damage)
             ... in a Gauntlet.
             The game lasted 00:54:14 (17750 turns).

Nixze the Tainter (Spriggan Venom Mage)            Turns: 17750, Time: 00:54:15

Health: -5/82      AC: 25    Str:  4    XL:     11   Next: 35%
Magic:  12/24      EV:  4    Int: 21    God:    the Shining One [***...]
Gold:   441        SH:  0    Dex: 15    Spells: 13/26 levels left

rFire    + . .     SeeInvis +   x - +3 falchion (elec)
rCold    x . .     Faith    .   (shield restricted)
rNeg     + + +     Spirit   .   (armour currently unavailable)
rPois    +         Reflect  .   (helmet currently unavailable)
rElec    .         Harm     .   (cloak currently unavailable)
rCorr    .         Rampage  .   (gloves unavailable)
Will     +....     NoTele   +   (boots unavailable)
Stlth    +.........             k - amulet of regeneration
HPRegen  1.23/turn              E - ring of poison resistance
MPRegen  0.19/turn              y - ring of fire

@: mighty, tree-form, glowing
A: stationary, stasis, torment immunity, boosted hp, very small, no large
weapons, unfitting armour, see invisible, (speed 3)
a: Renounce Religion, Divine Shield


You were in a Gauntlet.
You worshipped the Shining One.
The Shining One was most pleased with you.
You were a tree.
You visited 3 branches of the dungeon, and saw 13 of its levels.
You also visited: Gauntlet.

You collected 721 gold pieces.
You spent 280 gold pieces at shops.

Inventory:

Hand Weapons
 x - a +3 falchion of electrocution (weapon)
Missiles
 c - 309 stones (quivered)
 F - a throwing net
Armour
 g - a +1 robe of fire resistance
 r - a +2 robe of cold resistance (melded)
 D - a +2 robe of positive energy
 K - a +0 cloak (melded)
Magical Staves
 P - a staff of fire
Jewellery
 i - a ring of willpower
 k - an amulet of regeneration (around neck)
 y - a ring of fire (right branch)
 E - a ring of poison resistance (left branch)
Wands
 e - a wand of flame (45)
 s - a wand of digging (11)
 t - a wand of iceblast (5)
 w - a wand of mindburst (10)
 C - a wand of charming (7)
 N - a wand of acid (9)
Scrolls
 a - 2 scrolls of holy word {unknown}
 b - 4 scrolls of vulnerability {unknown}
 f - 3 scrolls of fear {unknown}
 h - 5 scrolls of blinking {unknown}
 j - 3 scrolls of immolation {unknown}
 l - 5 scrolls of amnesia
 n - 2 scrolls of identify
 o - 5 scrolls of teleportation
 p - a scroll of silence {unknown}
 v - a scroll of magic mapping
 A - 3 scrolls of noise {unknown}
 G - a scroll of enchant armour {unknown}
 H - a scroll of brand weapon {unknown}
 I - a scroll of enchant weapon {unknown}
 O - a scroll of acquirement {unknown}
Potions
 d - 2 potions of lignification
 m - 3 potions of degeneration
 q - 2 potions of attraction
 u - 2 potions of resistance
 z - a potion of flight
 B - 2 potions of might
 J - a potion of cancellation {unknown}
 L - a potion of ambrosia {unknown}
 M - a potion of heal wounds {unknown}


   Skills:
 - Level 5.0 Fighting
 - Level 6.0 Dodging
 - Level 5.0 Stealth
 + Level 8.0 Spellcasting
 - Level 5.0 Conjurations
 - Level 5.0 Transmutations
 - Level 5.0 Fire Magic
 - Level 5.0 Air Magic
 - Level 8.0 Poison Magic
 - Level 5.0 Invocations
 - Level 5.0 Evocations


You had 13 spell levels left.
You knew the following spells:

 Your Spells              Type           Power      Damage    Failure   Level
a - Sting                 Tmut/Pois      100%       1d8       1%          1
b - Poisonous Vapours     Pois/Air       70%        N/A       1%          2
c - Mephitic Cloud        Conj/Pois/Air  33%        N/A       1%          3
d - Ignite Poison         Fire/Tmut/Pois 50%        N/A       1%          3
e - Olgreb's Toxic Radia  Pois           42%        N/A       3%          4

Your spell library contained the following spells:

 Spells                   Type           Power      Damage    Failure   Level
 Magic Dart               Conj           100%       1d8       1%          1
 Static Discharge         Conj/Air       29%        N/A       1%          2
 Conjure Flame            Conj/Fire      44%        6-21      3%          3
 Animate Skeleton         Necr           16%        N/A       8%          1
 Apportation              Tloc           16%        N/A       8%          1
 Corona                   Hex            8%         N/A       8%          1
 Summon Small Mammal      Summ           32%        N/A       8%          1
 Stone Arrow              Conj/Erth      36%        3d9       9%          3
 Sticky Flame             Conj/Fire      44%        2d6       10%         4
 Call Imp                 Summ           8%         N/A       12%         2
 Call Canine Familiar     Summ           8%         N/A       24%         3
 Portal Projectile        Hex/Tloc       16%        N/A       24%         3
 Summon Guardian Golem    Hex/Summ       8%         N/A       24%         3
 Blade Hands              Tmut           14%        N/A       28%         5
 Bolt of Magma            Conj/Fire/Erth 16%        4d9       50%         5
 Dispel Undead            Necr           8%         3d8       61%         4
 Excruciating Wounds      Necr           4%         N/A       91%         5
 Borgnjor's Revivificati  Necr           4%         N/A       100%        8
 Necromutation            Tmut/Necr      9%         N/A       100%        8
 Death's Door             Necr           4%         N/A       100%        9
 Shatter                  Erth           4%         3d7*      100%        9


Dungeon Overview and Level Annotations

Branches:
Dungeon (11/15)            Temple (1/1) D:7            Lair (1/6) D:10
    Orc (0/2) D:10        Gauntlet (1/1)

Altars:
Ashenzari
Cheibriados
Dithmenos
Elyvilon
Fedhas
Gozag
Hepliaklqana
Kikubaaqudgha
Makhleb
Nemelex Xobeh
Okawaru
Qazlal
Ru
Sif Muna
Trog
Uskayaw
Vehumet
Wu Jian
Xom
Yredelemnul
Zin
The Shining One
Beogh

Shops:
D:2 :   D:7 =   D:9 ([:

Annotations:
D:5 3 runed translucent doors, Latro's ghost, amateur MiBe Gauntlet 11 transporters, 21 runed translucent doors, exclusion: ice statue


Innate Abilities, Weirdness & Mutations

You are a tree.
Your roots penetrate the ground, keeping you stationary.
You cannot be teleported.
You are immune to unholy pain and torment.
Your maximum health is greatly increased.
Your equipment is partially melded.
You are very small and have problems with some larger weapons.
You are too small for most types of armour.
You have supernaturally acute eyesight. (SInv)
((You cover ground extremely quickly. (Speed+++)))


Message History

The dire elephant trunk-slaps you. The elephant tramples you!
You hold your ground!
The elephant trunk-slaps you but does no damage.
The elephant looks even sicker.
Your toxic aura wanes.
The elephant tramples the dire elephant!
The dire elephant holds its ground!
The elephant trunk-slaps the dire elephant but does no damage.
The elephant is engulfed in noxious fumes.
The elephant appears confused.
The dire elephant is engulfed in noxious fumes.
Press: ? - help, v - describe, . - travel
Here: a dire elephant (noxious fumes, moderately wounded, very poisoned, haloed)
The floor.
Unknown command.
Unknown command.
Unknown command.
Unknown command.
Casting: Mephitic Cloud (safe; 1% risk of failure)
Confirm with . or Enter, or press ? or * to list all spells.
You feel a surge of power!
You ignite the poison in your surroundings!
The dire elephant seems to burn from within!!
The dire elephant is heavily wounded.
The elephant seems to burn from within!
The elephant is moderately wounded.
The elephant seems to burn from within!!
The elephant is heavily wounded.
The dire elephant is engulfed in blazing flames.
The dire elephant tramples you!!
Ouch! That really hurt!
* * * LOW HITPOINT WARNING * * *
You stumble backwards!
The elephant is engulfed in blazing flames.
Really quaff the potion of lignification?
You turn into a tree.
Your +0 cloak melds into your body.
Your +2 robe of cold resistance melds into your body.
You feel less resistant to cold.
Your roots penetrate the ground.
The dire elephant tramples you!
You die...

#########################
###≈............≈∩§........
#8#.......©.............©..
###..###########...########
#..#.........#...#..§≈.xx
###..#.#.....#.#.∩.#.≈§.≈.x
#8#..#..#####..#...#.≈§§≈.≈
###..#.○##.##..#...#≈.≈...≈
#..#.☼☼Y♣....#...#≈..≈§≈§
###..#○.##.##..#...#.≈.≈≈≈.
#8#..#..#####..#...#.≈§^.^≈
###..#.#.....#.#...#.≈...≈X
#..#...=©....#...#$.≈xx/.
###..###########...########
#8#.....#.©.#....§.........
###...8.#...#...§8§........
#.....#.©.#...§≈.........


You could see a dire elephant.

Vanquished Creatures
  A two-headed ogre (D:6)
  A deep elf pyromancer (D:10)
  A cyclops (D:11)
  A manticore (D:6)
  An unseen horror (D:11)
  A hornet (D:8)
  A troll (D:10)
  Sigmund (D:3)
  2 shadows
  Grum (D:8)
  2 wyverns
  5 yaks (D:10)
  Eustachio (D:5)
  4 vampire mosquitoes
  Edmund (D:4)
  2 wargs (D:10)
  A water moccasin (D:7)
  An acid dragon (D:10)
  Duvessa (D:4)
  5 orc warriors
  2 sky beasts (D:8)
  2 ice beasts (D:8)
  2 ogres
  A hornet zombie (D:6)
  2 centaurs
  2 wolves (D:8)
  A phantom (D:6)
  A kobold brigand (D:7)
  5 bullfrogs
  Blork the orc (D:4)
  A gnoll sergeant (D:7)
  A water moccasin zombie (D:5)
  Dowan (D:4)
  A wyvern skeleton (D:5)
  A water moccasin skeleton (D:6)
  12 killer bees
  19 wights
  7 howler monkeys
  2 centaur skeletons (D:6)
  2 hounds
  2 centaur zombies (D:9)
  7 orc priests
  9 iguanas
  13 orc wizards
  9 gnolls
  4 adders
  A howler monkey skeleton (D:5)
  A white imp (D:5)
  An ufetubus (D:6)
  3 worms
  4 dart slugs
  38 orcs
  5 endoplasms
  2 giant cockroaches
  6 goblins
  6 hobgoblins
  3 jackals (D:1)
  4 quokkas
  3 ball pythons
  6 bats
  7 frilled lizards
  13 kobolds
  6 rats
253 creatures vanquished.

Vanquished Creatures (others)
  10 demonic plants (Gauntlet)
  A plant (Lair:1)
  2 withered plants (Gauntlet)
13 creatures vanquished.

Grand Total: 266 creatures vanquished

Notes
Turn   | Place    | Note
-------+----------+-------------------------------------------
     0 | D:1      | Nixze the Spriggan Venom Mage began the quest for the Orb.
     0 | D:1      | Reached XP level 1. HP: 9/9 MP: 5/5
   327 | D:1      | Found a faded altar of an unknown god.
   345 | D:1      | Reached XP level 2. HP: 13/13 MP: 2/6
  1069 | D:1      | Reached XP level 3. HP: 12/16 MP: 5/8
  1076 | D:1      | Learned a level 2 spell: Poisonous Vapours
  1462 | D:2      | Found Usid's Book Emporium.
  2124 | D:2      | Reached skill level 1 in Air Magic
  2556 | D:3      | Reached XP level 4. HP: 21/21 MP: 0/9
  3682 | D:3      | Learned a level 3 spell: Mephitic Cloud
  3686 | D:3      | Learned a level 3 spell: Ignite Poison
  3882 | D:3      | Found a hazy altar of Hepliaklqana.
  3889 | D:3      | Noticed Sigmund
  3950 | D:3      | Killed Sigmund
  3951 | D:3      | Reached XP level 5. HP: 25/25 MP: 0/10
  4057 | D:3      | Found a snail-covered altar of Cheibriados.
  4062 | D:3      | Found a basalt altar of Yredelemnul.
  4554 | D:4      | Reached XP level 6. HP: 29/29 MP: 1/12
  4677 | D:4      | Noticed Edmund
  4715 | D:4      | Killed Edmund
  4716 | D:4      | Reached skill level 1 in Fighting
  4716 | D:4      | Reached skill level 1 in Conjurations
  5206 | D:4      | Noticed Dowan
  5207 | D:4      | Noticed Duvessa
  5210 | D:4      | Killed Dowan
  5211 | D:4      | Reached XP level 7. HP: 34/34 MP: 2/14
  5227 | D:4      | Killed Duvessa
  5228 | D:4      | Reached skill level 5 in Spellcasting
  5229 | D:4      | Noticed Blork the orc
  5352 | D:4      | Killed Blork the orc
  6704 | D:5      | Entered Level 5 of the Dungeon
  6823 | D:5      | Noticed Eustachio
  6964 | D:5      | Found a runed translucent gate.
  6965 | D:5      | Found a runed translucent gate.
  6966 | D:5      | Found a runed translucent gate.
  6966 | D:5      | Identified the +7 dagger of Moral Flaws {vorpal, rC+}
  6966 | D:5      | Identified the +0 scale mail of Insurance {rElec Will-
                  | Slay+5 SInv}
  6970 | D:5      | Noticed Latro's ghost (amateur MiBe)
  6983 | D:5      | Learned a level 4 spell: Olgreb's Toxic Radiance
  7121 | D:5      | Killed Eustachio
  7122 | D:5      | Reached XP level 8. HP: 39/39 MP: 3/16
  7353 | D:5      | Reached skill level 5 in Poison Magic
  7516 | D:5      | Found a broken altar of Ashenzari.
  8674 | D:6      | Found a shadowy altar of Dithmenos.
  9253 | D:6      | Noticed a two-headed ogre
  9272 | D:6      | Killed a two-headed ogre
  9273 | D:6      | Reached XP level 9. HP: 44/44 MP: 0/19
  9729 | D:6      | Noticed a manticore
  9734 | D:6      | Killed a manticore
  9735 | D:6      | Reached skill level 1 in Fire Magic
 10723 | D:7      | Reached skill level 5 in Transmutations
 10920 | D:7      | Found a staircase to the Ecumenical Temple.
 11169 | D:7      | Found Zurche Fepi's Jewellery Emporium.
 11216 | D:7      | Bought a ring of poison resistance for 280 gold pieces
 11626 | D:7      | Reached XP level 10. HP: 49/49 MP: 7/21
 12213 | D:7      | Reached skill level 5 in Fire Magic
 12485 | D:8      | Reached skill level 1 in Evocations
 12661 | Temple   | Entered the Ecumenical Temple
 12902 | Temple   | Became a worshipper of the Shining One
 13131 | D:8      | Reached skill level 5 in Stealth
 13206 | D:8      | Noticed Grum
 13209 | D:8      | Reached skill level 5 in Dodging
 13209 | D:8      | Killed Grum
 13640 | D:9      | Reached skill level 5 in Evocations
 13641 | D:9      | Reached skill level 1 in Invocations
 13724 | D:9      | Found Vop Buzo's Antique Weapon Shoppe.
 13841 | D:9      | Reached * piety under the Shining One
 14214 | D:9      | Found Vicinae's Armour Shop.
 14476 | D:9      | Found Ylubumes's Book Shop.
 14513 | D:9      | Reached ** piety under the Shining One
 15053 | D:10     | Entered Level 10 of the Dungeon
 15059 | D:10     | Reached skill level 5 in Invocations
 15089 | D:10     | Found a sparkling altar of Nemelex Xobeh.
 15089 | D:10     | Noticed a deep elf pyromancer
 15094 | D:10     | Killed a deep elf pyromancer
 15219 | D:10     | Reached XP level 11. HP: 42/53 MP: 11/22
 15769 | D:10     | Found a staircase to the Lair.
 16193 | D:10     | Found an ancient bone altar of Kikubaaqudgha.
 16263 | D:10     | Reached skill level 5 in Air Magic
 16461 | D:10     | Reached skill level 5 in Fighting
 16520 | D:10     | Found a staircase to the Orcish Mines.
 16693 | D:11     | Reached skill level 5 in Conjurations
 17481 | Lair:1   | Entered Level 1 of the Lair of Beasts
 17486 | Lair:1   | Identified the +1 trident of Guataal {holy, *Rage Int+5}
 17538 | Lair:1   | Found a gate leading to a gauntlet.
 17547 | Gauntlet | Entered a Gauntlet
 17547 | Gauntlet | Found a transporter.
 17547 | Gauntlet | Found a transporter.
 17547 | Gauntlet | Found a transporter.
 17556 | Gauntlet | Found a transporter.
 17566 | Gauntlet | Found a transporter.
 17581 | Gauntlet | Found a transporter.
 17584 | Gauntlet | Reached *** piety under the Shining One
 17597 | Gauntlet | Found a transporter.
 17606 | Gauntlet | Found a transporter.
 17608 | Gauntlet | Noticed a soul eater
 17612 | Gauntlet | Found a transporter.
 17622 | Gauntlet | Found a large runed translucent door.
 17623 | Gauntlet | Found a large runed translucent door.
 17624 | Gauntlet | Found a large runed translucent door.
 17624 | Gauntlet | Found a large runed translucent door.
 17625 | Gauntlet | Found a runed translucent gate.
 17625 | Gauntlet | Noticed a sixfirhy
 17626 | Gauntlet | Found a large runed translucent door.
 17626 | Gauntlet | Found a large runed translucent door.
 17626 | Gauntlet | Found a runed translucent door.
 17627 | Gauntlet | Found a large runed translucent door.
 17628 | Gauntlet | Found a large runed translucent door.
 17635 | Gauntlet | Found a transporter.
 17635 | Gauntlet | Found a runed translucent gate.
 17635 | Gauntlet | Found a transporter.
 17655 | Gauntlet | Noticed a dire elephant
 17659 | Gauntlet | Noticed a sixfirhy
 17660 | Gauntlet | Found a runed translucent door.
 17660 | Gauntlet | Found a runed translucent gate.
 17660 | Gauntlet | Found a transporter.
 17669 | Gauntlet | Found a large runed translucent door.
 17669 | Gauntlet | Found a large runed translucent door.
 17670 | Gauntlet | Found a large runed translucent door.
 17671 | Gauntlet | Found a large runed translucent door.
 17680 | Gauntlet | Found a large runed translucent door.
 17680 | Gauntlet | Found a large runed translucent door.
 17681 | Gauntlet | Found a large runed translucent door.
 17682 | Gauntlet | Found a large runed translucent door.
 17750 | Gauntlet | Slain by a dire elephant

Illustrated notes

Levels and vault maps discovered:
D:1:      amcnicky_arrival_gap_in_the_tavern_cellar, layout_loops_ring,
          chequers_ecumenical_altar_island, nrook_mini_vaults, amethyst_killhole
D:2:      layout_loops_ring, serial_shops, nicolae_shop_behind_doors,
          kennysheep_generic_room_15
D:3:      minmay_angry_zag, layout_basic, minitemple, st_stairs_10, uniq_sigmund
D:4:      layout_basic, uniq_duvessa, uniq_edmund, uniq_blork_the_orc
D:5:      layout_basic, lemuel_doored_altar, biasface_ghost_orc_armoury,
          chequers_arboretum, serial_bayou_ford_a, uniq_eustachio
D:6:      kennysheep_six_static_rooms, layout_gridville,
          mainiacjoe_overflow_catwalk, minmay_three_doors
D:7:      layout_gridville, minmay_temple_entry_gardened_gates, serial_shops,
          shop
D:8:      layout_rooms, uniq_grum
D:9:      layout_long_grid, serial_shops, kennysheep_mini, shop,
          nicolae_shop_behind_doors, minmay_misc_feat_diagonals
D:10:     layout_irregular_city, amcnicky_altar_gilded,
          nicolae_kikubaaqudgha_miasma_corner, erik_lair_orcish_takeover,
          hiddenorc1_lemuel, st_stairs_7
D:11:     layout_loops_ring
Temple:   regret_index_temple_generic_petals
Lair:1:   layout_regular_city, gauntlet_entry_generic
Gauntlet: gammafunk_gauntlet_shortcut [nicolae_gauntlet_arena_blocks,
          minmay_gauntlet_arena_make_your_own_arena,
          nicolae_gauntlet_arena_flowing_pool, gammafunk_gauntlet_arena_hedges,
          gammafunk_gauntlet_arena_split_x, gammafunk_gauntlet_arena_mazey,
          gauntlet_exit_watery]

Skill      XL: |  1  2  3  4  5  6  7  8  9 10 11 |
---------------+----------------------------------+-----
Poison Magic   | 4 8 |  8.0
Dodging        | 3 6 |  6.0
Spellcasting   | 3 4 5 6 7 8 |  8.0
Transmutations | 2 5 |  5.0
Air Magic      | 1 4 5 |  5.0
Fighting       | 1 2 3 4 5 |  5.0
Conjurations   | 1 4 5 |  5.0
Fire Magic     | 4 5 |  5.0
Evocations     | 5 |  5.0
Stealth        | 5 |  5.0
Invocations    | 5 |  5.0

Action                   |  1- 3 |  4- 6 |  7- 9 | 10-12 || total
-------------------------+-------+-------+-------+-------++-------
Melee: Spear             |     4 |       |       |       ||     4
       Whip              |    23 |    26 |       |       ||    49
       Short sword       |       |     8 |     9 |       ||    17
       Dagger            |       |       |    11 |       ||    11
       Falchion          |       |       |    55 |    63 ||   118
Throw: Stone             |    37 |    19 |     5 |       ||    61
 Cast: Sting             |    45 |     9 |    27 |       ||    81
       Poisonous Vapours |    29 |    56 |   102 |    62 ||   249
       Mephitic Cloud    |       |     3 |    20 |    35 ||    58
       Ignite Poison     |       |     2 |    21 |    43 ||    66
       Olgreb's Toxic Ra |       |       |    14 |    24 ||    38
Evoke: Wand              |       |       |       |     6 ||     6
  Use: Scroll            |       |       |       |     9 ||     9
       Potion            |       |       |       |     2 ||     2
 Stab: Confused          |       |     1 |       |       ||     1
       Sleeping          |       |       |     1 |       ||     1
Armor: Robe              |     4 |     6 |    12 |    12 ||    34
Dodge: Dodged            |    34 |    24 |   104 |   107 ||   269
       Rpst.: Falchion   |       |       |    14 |    25 ||    39
